 Dungeon Sprint DCSS version 0.30-a0-122-g2a1322497e (webtiles) character file.

Game seed: 7601811669735228087

71031 mhtbhm the Metallomancer (level 15, -8/83 HPs)
             Began as a Gargoyle Earth Elementalist on Sept 16, 2022.
             Was the Champion of Vehumet.
             Mangled by Mennas
             ... wielding a +1 sacred scourge of holy wrath
              (20 damage)
             ... in the Dungeon (Sprint IX: "|||||||||||||||||||||||||||||").
             The game lasted 00:29:54 (9227 turns).

mhtbhm the Metallomancer (GrEE)                     Turns: 9227, Time: 00:29:54

Health: -8/83      AC: 13    Str: 14    XL:     15   Next: 35%
Magic:  35/60      EV: 14    Int: 27    God:    Vehumet [******]
Gold:   109        SH:  5    Dex: 10    Spells: 4/61 levels left

rFire   . . .      SeeInvis .    j - +2 scimitar of Urgency {venom, *Corrode rC+++ Will++ MP+9}
rCold   + + +      Faith    .    (no shield)
rNeg    + . .      Spirit   .    a - +4 robe of Qazlal's Inspiration {rPois Str+3}
rPois   ∞          Reflect  +    s - +0 helmet
rElec   +          Harm     .    u - scarf {+Inv}
rCorr   .          Rampage  .    t - +0 pair of gloves
Will    +++..      NoTele   +    k - +0 pair of boots
Stlth   ++........               o - amulet of reflection
HPRegen 0.23/turn                l - +3 ring of intelligence
MPRegen 0.37/turn                v - ring of magical power

@: corroded, flying, glowing, silenced
A: sickness immunity, AC +11, big wings, negative energy resistance 1,
electricity resistance, torment resistance 1, petrification resistance
a: Renounce Religion, Evoke Invisibility


You were in the Dungeon.
You worshipped Vehumet.
Vehumet was exalted by your worship.
You visited 1 branch You collected 1920 gold pieces.
You spent 1811 gold pieces at shops.

Inventory:

Hand Weapons
 j - the +2 scimitar of Urgency (weapon) {venom, *Corrode rC+++ Will++ MP+9}
   (You found it in the Dungeon)

   It poisons the flesh of those it strikes.
   rC:        It renders you almost immune to cold.
   MP:        It affects your magic capacity (+9).
   *Corrode:  It may corrode you when you take damage.
   Will:      It greatly increases your willpower.
Armour
 a - the +4 robe of Qazlal's Inspiration (worn) {rPois Str+3}
   (You found it in the Dungeon)

   Str:       It affects your strength (+3).
   rPois:     It protects you from poison.
 k - a +0 pair of boots (worn)
 s - a +0 helmet (worn)
 t - a +0 pair of gloves (worn)
 u - a scarf of invisibility (worn)
 y - a +1 cloak
Jewellery
 l - a +3 ring of intelligence (left hand)
 m - a +2 ring of evasion
 o - an amulet of reflection (around neck)
 v - a ring of magical power (right hand)
 w - a ring of see invisible
 x - a ring of wizardry
 B - a ring of willpower
 C - a ring of protection from fire
 D - a ring of ice
Wands
 i - a wand of iceblast (1)
Scrolls
 h - a scroll of blinking
 q - 4 scrolls of fog
 r - 2 scrolls of identify
 z - a scroll of vulnerability
Potions
 b - 2 potions of magic
 c - 6 potions of curing
 d - 3 potions of heal wounds
 e - a potion of berserk rage
 f - a potion of invisibility
 n - a potion of might
 E - 2 potions of brilliance
Miscellaneous
 p - a piece from Xom's chessboard (15/15)
 A - a lightning rod (inert)


   Skills:
 + Level 5.6 Fighting
 + Level 1.1 Long Blades
 + Level 4.9 Armour
 + Level 7.9 Dodging
 + Level 6.9 Stealth
 + Level 2.9 Shields
 - Level 0.4 Unarmed Combat
 + Level 23.9 Spellcasting
 + Level 20.8 Conjurations
 + Level 2.7 Hexes
 + Level 1.8 Translocations
 + Level 5.2 Transmutations
 + Level 6.9 Fire Magic
 + Level 1.9 Ice Magic
 + Level 26.6 Earth Magic
 + Level 6.7 Poison Magic
 + Level 6.0 Evocations


You had 4 spell levels left.
You knew the following spells:

 Your Spells              Type           Power      Damage    Failure   Level
a - Sandblast             Erth           100%       2d20      0%          1
b - Starburst             Conj/Fire      41%        6d12      1%          6
c - Stone Arrow           Conj/Erth      100%       3d13      0%          3
d - Petrify               Tmut/Erth      87%        N/A       0%          4
e - Freeze                Ice            100%       1d11      1%          1
f - Ignite Poison         Fire/Tmut/Pois 60%        N/A       1%          3
g - Inner Flame           Hex/Fire       55%        N/A       1%          3
h - Iskenderun's Mystic   Conj/Tloc      76%        2d15      1%          4
i - Olgreb's Toxic Radia  Pois           62%        N/A       1%          4
j - Iron Shot             Conj/Erth      51%        9d10      0%          6
k - Lehudib's Crystal Sp  Conj/Erth      51%        10d12     1%          8
l - Fireball              Conj/Fire      41%        3d17      1%          5
m - Shatter               Erth           54%        3d41*     1%          9

Your spell library contained the following spells:

 Spells                   Type           Power      Damage    Failure   Level
 Ignition                 Fire           31%        3d10      65%         8
 Passwall                 Tmut/Erth      72%        N/A       0%          2
 Freezing Cloud           Conj/Ice/Air   32%        6-21      1%          5


Dungeon Overview and Level Annotations

Branches:
Dungeon (1/1)

Altars:
Cheibriados
Dithmenos
Elyvilon
Fedhas
Gozag
Hepliaklqana
Kikubaaqudgha
Makhleb
Nemelex Xobeh
Okawaru
Qazlal
Ru
Sif Muna
Trog
Uskayaw
Vehumet
Wu Jian
Xom
Yredelemnul
Zin
The Shining One
Jiyva
Lugonu

Shops:
D **=[

Annotations:
D Mennas


Innate Abilities, Weirdness & Mutations

You are immune to sickness and miasma.
Your stone body is resilient. (AC +11)
You are immune to poison.
Your large and strong wings let you fly.
You resist negative energy. (rN+)
You are resistant to electric shocks. (rElec)
You are resistant to unholy torment.
You are immune to petrification.


Message History

Casting: Lehudib's Crystal Spear (dangerous; 1% risk of failure)
Confirm with . or Enter, or press ? or * to list all spells.
Aiming: Lehudib's Crystal Spear (dangerous; 1% risk of failure)
Press: ? - help, Shift-Dir - straight line, f/p - Mennas
Aim: Mennas, wielding a +1 sacred scourge of holy wrath and wearing a +0 tower shield (heavily wounded, haloed, 58% to hit)
Mennas blocks the crystal spear.
Mennas completely misses you. Mennas hits you but does no damage.
Mennas hits you with a +1 sacred scourge of holy wrath!
Mennas hits you but does no damage.
Unknown command.
Casting: Lehudib's Crystal Spear (dangerous; 1% risk of failure)
Confirm with . or Enter, or press ? or * to list all spells.
Aiming: Lehudib's Crystal Spear (dangerous; 1% risk of failure)
Press: ? - help, Shift-Dir - straight line, f/p - Mennas
Aim: Mennas, wielding a +1 sacred scourge of holy wrath and wearing a +0 tower shield (heavily wounded, haloed, 58% to hit)
Mennas blocks the crystal spear.
Mennas closely misses you. You block Mennas's attack.
Unknown command.
Unknown command.
Casting: Lehudib's Crystal Spear (dangerous; 1% risk of failure)
Confirm with . or Enter, or press ? or * to list all spells.
You don't have enough magic to cast this spell.
Unknown command.
Magic courses through your body. Mennas barely misses you.
Mennas hits you with a +1 sacred scourge of holy wrath!
* * * LOW HITPOINT WARNING * * *
Mennas closely misses you.
Mennas hits you with a +1 sacred scourge of holy wrath!
* * * LOW HITPOINT WARNING * * *
Your corrosive artefact corrodes you!
You feel much better.
Mennas gestures frantically.
Mennas's surroundings become eerily quiet.
Unknown command.
You feel much better.
Mennas hits you with a +1 sacred scourge of holy wrath!!
Mennas hits you with a +1 sacred scourge of holy wrath!
* * * LOW HITPOINT WARNING * * *
Mennas hits you with a +1 sacred scourge of holy wrath!!
You die...

...........[)....................
▓▓▓▓▓▓▓▓▓▓▓▓♣♣♣♣♣♣♣♣♣♣▓▓▓▓▓▓▓▓▓▓▓
...........'.........'..)....[)'†
▓▓▓▓▓▓▓▓▓▓▓▓♣♣♣♣♣♣♣♣♣♣▓▓▓▓▓▓▓▓▓▓▓
....)............................
▓▓▓▓▓▓▓▓▓▓▓▓▓▓▓▓▓▓▓▓▓▓▓▓▓▓▓▓▓▓▓▓▓
........'..............)))[)))÷..
▓▓▓▓▓▓▓▓▓▓▓▓▓▓▓▓▓▓▓▓▓▓▓▓▓▓▓▓▓▓▓▓▓
................@A......
▓▓▓▓▓▓▓▓▓▓▓▓▓▓▓▓▓▓▓▓▓▓▓▓


You could see Mennas (silencing).

Vanquished Creatures
  Rupert (D)
  A nagaraja (D)
  2 fire giants (D)
  3 frost giants (D)
  2 ghost moths (D)
  2 emperor scorpions (D)
  2 vault wardens (D)
  An orc warlord (D)
  2 very ugly things (D)
  5 ironbound thunderhulks (D)
  5 stone giants (D)
  Nessos (D)
  A dire elephant (D)
  A bunyip (D)
  2 spark wasps (D)
  2 entropy weavers (D)
  2 merfolk impalers (D)
  A great orb of eyes (D)
  A yaktaur captain (D)
  2 hydras (D)
  3 ice dragons (D)
  Erolcha (D)
  4 ogre magi (D)
  3 two-headed ogres (D)
  A ghost crab (D)
  2 spriggan air magi (D)
  A death knight (D)
  2 boulder beetles (D)
  2 ironbound frosthearts (D)
  An alligator (D)
  A vampire mage (D)
  3 tengu warriors (D)
  An orc high priest (D)
  A hell knight (D)
  A naga sharpshooter (D)
  A spriggan berserker (D)
  2 goliath frogs (D)
  A glowing orange brain (D)
  A pharaoh ant (D)
  A skeletal warrior (D)
  An orb spider (D)
  3 wizards (D)
  A naga ritualist (D)
  2 swamp dragons (D)
  A spriggan druid (D)
  5 orc knights (D)
  3 ugly things (D)
  2 mana vipers (D)
  An orc sorcerer (D)
  A moth of wrath (D)
  4 manticores (D)
  An elephant (D)
  2 black mambas (D)
  3 merfolk sirens (D)
  3 naga magi (D)
  2 vault sentinels (D)
  A gargoyle (D)
  A cane toad (D)
  3 komodo dragons (D)
  2 rime drakes (D)
  A yaktaur (D)
  An efreet (D)
  2 trolls (D)
  5 polar bears (D)
  A wind drake (D)
  A hornet (D)
  A merfolk (D)
  2 tarantellas (D)
  A dream sheep (D)
  A culicivora (D)
  A spriggan (D)
  A yak (D)
  2 wyverns (D)
  A wraith (D)
  3 basilisks (D)
  2 water moccasins (D)
  An acid dragon (D)
  7 orc warriors (D)
  3 black bears (D)
  8 ogres (D)
  A kobold brigand (D)
  A bullfrog (D)
  A howler monkey (D)
  A hound (D)
  5 orc priests (D)
  A dart slug (D)
  9 orcs (D)
  A goblin (D)
  A hobgoblin (D)
  A quokka (D)
  A bat (D)
  2 frilled lizards (D)
184 creatures vanquished.

Notes
Turn   | Place    | Note
-------+----------+-------------------------------------------
     0 | D        | mhtbhm the Gargoyle Earth Elementalist began the quest for
                  | the Orb.
     0 | D        | Reached XP level 1. HP: 10/10 MP: 3/3
     5 | D        | Reached skill level 4 in Earth Magic
   104 | D        | Noticed a hound
   107 | D        | Reached XP level 2. HP: 15/15 MP: 1/5
   299 | D        | Learned a level 2 spell: Passwall
   304 | D        | Reached skill level 1 in Transmutations
   304 | D        | Reached skill level 6 in Earth Magic
   304 | D        | Reached XP level 3. HP: 20/20 MP: 4/8
   582 | D        | Learned a level 3 spell: Stone Arrow
   596 | D        | Found a snail-covered altar of Cheibriados.
   596 | D        | Found a shadowy altar of Dithmenos.
   596 | D        | Found a white marble altar of Elyvilon.
   596 | D        | Found a blossoming altar of Fedhas.
   596 | D        | Found an opulent altar of Gozag.
   597 | D        | Found a hazy altar of Hepliaklqana.
   598 | D        | Found a viscous altar of Jiyva.
   599 | D        | Found an ancient bone altar of Kikubaaqudgha.
   600 | D        | Found a corrupted altar of Lugonu.
   601 | D        | Found a burning altar of Makhleb.
   602 | D        | Found a sparkling altar of Nemelex Xobeh.
   603 | D        | Found an iron altar of Okawaru.
   604 | D        | Found a stormy altar of Qazlal.
   605 | D        | Found a sacrificial altar of Ru.
   606 | D        | Found a shimmering blue altar of Sif Muna.
   607 | D        | Found a bloodstained altar of Trog.
   608 | D        | Found a hide-covered altar of Uskayaw.
   609 | D        | Found a radiant altar of Vehumet.
   610 | D        | Found an ornate altar of the Wu Jian Council.
   611 | D        | Found a shimmering altar of Xom.
   612 | D        | Found a basalt altar of Yredelemnul.
   613 | D        | Found a glowing silver altar of Zin.
   614 | D        | Found a glowing golden altar of the Shining One.
   617 | D        | Became a worshipper of Vehumet
   631 | D        | Got the +2 scimitar of Urgency {venom, *Corrode rC+++
                  | Will++ MP+9}
   693 | D        | Noticed a troll
   693 | D        | Noticed a troll
   693 | D        | Noticed a gargoyle
   693 | D        | Noticed a kobold brigand
   693 | D        | Noticed a two-headed ogre
   693 | D        | Noticed an orc warrior
   720 | D        | Killed a two-headed ogre
   721 | D        | Reached skill level 5 in Dodging
   721 | D        | Reached skill level 5 in Stealth
   721 | D        | Reached skill level 11 in Earth Magic
   721 | D        | Reached skill level 1 in Evocations
   721 | D        | Reached XP level 4. HP: 27/27 MP: 0/14
   721 | D        | Reached XP level 5. HP: 31/31 MP: 0/16
   721 | D        | Reached XP level 6. HP: 36/36 MP: 0/17
   721 | D        | Reached XP level 7. HP: 40/40 MP: 0/19
   723 | D        | Reached skill level 12 in Earth Magic
   724 | D        | Killed a gargoyle
   724 | D        | Reached * piety under Vehumet
   724 | D        | Offered knowledge of Freeze by Vehumet.
   725 | D        | Reached XP level 8. HP: 46/46 MP: 1/21
   726 | D        | Reached skill level 10 in Spellcasting
   764 | D        | Killed a troll
   765 | D        | Reached skill level 13 in Earth Magic
   766 | D        | Killed a troll
   766 | D        | Reached ** piety under Vehumet
   894 | D        | Learned a level 4 spell: Petrify
  1052 | D        | Learned a level 1 spell: Freeze
  1052 | D        | Noticed a wraith
  1052 | D        | Noticed an efreet
  1052 | D        | Noticed a boulder beetle
  1052 | D        | Noticed a boulder beetle
  1071 | D        | Killed a boulder beetle
  1071 | D        | Offered knowledge of Magic Dart by Vehumet.
  1072 | D        | Reached skill level 1 in Long Blades
  1072 | D        | Reached skill level 14 in Earth Magic
  1072 | D        | Reached XP level 9. HP: 51/51 MP: 18/24
  1185 | D        | Killed a boulder beetle
  1186 | D        | Reached skill level 15 in Earth Magic
  1271 | D        | Killed an efreet
  1271 | D        | Offered knowledge of Ignite Poison by Vehumet.
  1271 | D        | Reached *** piety under Vehumet
  1568 | D        | Learned a level 3 spell: Ignite Poison
  1585 | D        | Offered knowledge of Inner Flame by Vehumet.
  1585 | D        | Reached **** piety under Vehumet
  1587 | D        | Noticed a rime drake
  1588 | D        | Reached XP level 10. HP: 56/56 MP: 26/26
  1594 | D        | Reached skill level 16 in Earth Magic
  1684 | D        | Reached skill level 1 in Armour
  1684 | D        | Reached ***** piety under Vehumet
  1968 | D        | Learned a level 3 spell: Inner Flame
  1983 | D        | Noticed a black mamba
  1986 | D        | Offered knowledge of Iskenderun's Mystic Blast by Vehumet.
  1987 | D        | Killed a black mamba
  1987 | D        | Noticed an elephant
  1991 | D        | Noticed a cane toad
  1995 | D        | Reached skill level 17 in Earth Magic
  2347 | D        | Learned a level 4 spell: Iskenderun's Mystic Blast
  2349 | D        | Offered knowledge of Airstrike by Vehumet.
  2360 | D        | Killed an elephant
  2361 | D        | Reached skill level 10 in Conjurations
  2363 | D        | Reached XP level 11. HP: 60/60 MP: 22/29
  2463 | D        | Reached skill level 1 in Shields
  2467 | D        | Reached ****** piety under Vehumet
  2741 | D        | Reached skill level 18 in Earth Magic
  2747 | D        | Offered knowledge of Olgreb's Toxic Radiance by Vehumet.
  2753 | D        | Learned a level 4 spell: Olgreb's Toxic Radiance
  2964 | D        | Noticed an orc knight
  3102 | D        | Killed an orc knight
  3237 | D        | Reached skill level 1 in Poison Magic
  3258 | D        | Offered knowledge of Iskenderun's Battlesphere by Vehumet.
  3394 | D        | Noticed an orc knight
  3394 | D        | Noticed an orc knight
  3394 | D        | Noticed an orc high priest
  3397 | D        | Killed an orc high priest
  3398 | D        | Reached skill level 15 in Spellcasting
  3548 | D        | Killed an orc knight
  3738 | D        | Killed an orc knight
  3738 | D        | Offered knowledge of Iron Shot by Vehumet.
  3746 | D        | Learned a level 6 spell: Iron Shot
  3905 | D        | Noticed an orc knight
  3909 | D        | Killed an orc knight
  3910 | D        | Reached skill level 19 in Earth Magic
  3986 | D        | Noticed an orc sorcerer
  3993 | D        | Killed an orc sorcerer
  4105 | D        | Noticed an orc knight
  4110 | D        | Killed an orc knight
  4303 | D        | Found Cokhloora's Antique Armour Boutique.
  4303 | D        | Noticed an ogre mage
  4303 | D        | Noticed a two-headed ogre
  4304 | D        | Killed a two-headed ogre
  4305 | D        | Noticed an ogre mage
  4306 | D        | Offered knowledge of Freezing Cloud by Vehumet.
  4311 | D        | Killed an ogre mage
  4311 | D        | Noticed a two-headed ogre
  4312 | D        | Reached XP level 12. HP: 55/66 MP: 8/32
  4312 | D        | Killed an ogre mage
  4354 | D        | Killed a two-headed ogre
  4355 | D        | Reached skill level 20 in Earth Magic
  4528 | D        | Found Zups's Jewellery Shop.
  4532 | D        | Found Zuikeebo's Assorted Antiques.
  4536 | D        | Found Maapn's General Store.
  4547 | D        | Learned a level 5 spell: Freezing Cloud
  4549 | D        | Noticed an ogre mage
  4556 | D        | Killed an ogre mage
  4558 | D        | Offered knowledge of Fireball by Vehumet.
  4584 | D        | Bought an embroidered scarf for 192 gold pieces
  4591 | D        | Bought a ring of magical power for 200 gold pieces
  4591 | D        | Bought a ring of see invisible for 150 gold pieces
  4591 | D        | Bought a ring of wizardry for 300 gold pieces
  4593 | D        | Bought a runed cloak for 195 gold pieces
  4593 | D        | Bought a scroll labelled XACYLUBLAT for 26 gold pieces
  4593 | D        | Bought a scroll of fog for 104 gold pieces
  4593 | D        | Bought a potion of heal wounds for 130 gold pieces
  4593 | D        | Bought a potion of heal wounds for 130 gold pieces
  4595 | D        | Bought a lightning rod (4/4) for 360 gold pieces
  4595 | D        | Bought a scroll of identify for 24 gold pieces
  4602 | D        | Learned a level 5 spell: Fireball
  4713 | D        | Noticed Erolcha
  4717 | D        | Killed Erolcha
  4718 | D        | Reached skill level 1 in Fire Magic
  4838 | D        | Got the +4 robe of Qazlal's Inspiration {rPois Str+3}
  4905 | D        | Noticed a death knight
  4905 | D        | Noticed a tengu warrior
  4918 | D        | Killed a tengu warrior
  4918 | D        | Noticed a cyan very ugly thing
  5046 | D        | Killed a death knight
  5313 | D        | Reached skill level 21 in Earth Magic
  5315 | D        | Killed a cyan very ugly thing
  5315 | D        | Offered knowledge of Starburst by Vehumet.
  5316 | D        | Reached skill level 1 in Ice Magic
  5324 | D        | Learned a level 6 spell: Starburst
  5428 | D        | Noticed an ogre mage
  5431 | D        | Killed an ogre mage
  5494 | D        | Noticed a hell knight
  5497 | D        | Killed a hell knight
  5638 | D        | Noticed a frost giant
  5639 | D        | Noticed a stone giant
  5644 | D        | Killed a stone giant
  5644 | D        | Noticed a tengu warrior
  5645 | D        | Noticed an ice dragon
  5646 | D        | Killed a frost giant
  5647 | D        | Reached skill level 15 in Conjurations
  5647 | D        | Reached XP level 13. HP: 69/71 MP: 21/35
  5792 | D        | Killed an ice dragon
  5900 | D        | Noticed Nessos
  5908 | D        | Killed Nessos
  5909 | D        | Reached skill level 1 in Hexes
  6172 | D        | Noticed an entropy weaver
  6172 | D        | Noticed an emperor scorpion
  6184 | D        | Killed a ghost moth
  6185 | D        | Reached skill level 22 in Earth Magic
  6395 | D        | Killed an emperor scorpion
  6395 | D        | Offered knowledge of Lehudib's Crystal Spear by Vehumet.
  6395 | D        | Offered knowledge of Shatter by Vehumet.
  6395 | D        | Offered knowledge of Ignition by Vehumet.
  6406 | D        | Learned a level 8 spell: Lehudib's Crystal Spear
  6422 | D        | Killed an entropy weaver
  6621 | D        | Noticed a nagaraja
  6639 | D        | Killed a nagaraja
  6640 | D        | Reached skill level 5 in Fire Magic
  6647 | D        | Reached skill level 5 in Evocations
  6947 | D        | Noticed a merfolk impaler
  6951 | D        | Killed a merfolk impaler
  6952 | D        | Noticed a merfolk impaler
  6954 | D        | Reached skill level 23 in Earth Magic
  7041 | D        | Killed a merfolk impaler
  7318 | D        | Gained mutation: Your large and strong wings let you fly.
                  | [Gargoyle growth]
  7318 | D        | Reached XP level 14. HP: 55/76 MP: 38/38
  7327 | D        | Reached skill level 1 in Translocations
  7370 | D        | Noticed an emperor scorpion
  7375 | D        | Killed an emperor scorpion
  7524 | D        | Killed a ghost moth
  7794 | D        | Reached skill level 24 in Earth Magic
  7840 | D        | Noticed Rupert
  7846 | D        | Killed Rupert
  8028 | D        | Noticed a fire giant
  8030 | D        | Noticed a frost giant
  8032 | D        | Killed a fire giant
  8033 | D        | Reached skill level 5 in Poison Magic
  8037 | D        | Reached skill level 5 in Fighting
  8037 | D        | Noticed a stone giant
  8039 | D        | Killed a frost giant
  8337 | D        | Noticed a stone giant
  8339 | D        | Killed a stone giant
  8346 | D        | Killed a stone giant
  8408 | D        | Noticed a fire giant
  8544 | D        | Killed a fire giant
  8729 | D        | Noticed a stone giant
  8730 | D        | Noticed a stone giant
  8730 | D        | Noticed a frost giant
  8736 | D        | Killed a stone giant
  8737 | D        | Reached skill level 25 in Earth Magic
  8737 | D        | Killed a stone giant
  8738 | D        | Killed a frost giant
  8850 | D        | Learned a level 9 spell: Shatter
  8850 | D        | Noticed an ironbound thunderhulk
  8850 | D        | Noticed a red very ugly thing
  8851 | D        | Noticed an ironbound thunderhulk
  8852 | D        | Reached skill level 5 in Transmutations
  8852 | D        | Killed a red very ugly thing
  8852 | D        | Killed an ironbound thunderhulk
  8852 | D        | Noticed an ironbound thunderhulk
  8853 | D        | Reached XP level 15. HP: 82/82 MP: 41/41
  8859 | D        | Noticed an orc warlord
  8864 | D        | Noticed a vault warden
  8865 | D        | Killed an orc warlord
  8869 | D        | Reached skill level 26 in Earth Magic
  8870 | D        | Killed a vault warden
  9051 | D        | Noticed a vault warden
  9055 | D        | Killed a vault warden
  9202 | D        | Noticed Mennas
  9227 | D        | Mangled by Mennas

Illustrated notes

Levels and vault maps discovered:
D:        linesprint [early_d, line_temple, items_1, d_10, items_2, lair_1,
          lair_end, items_3, orc_1, orc_end, items_4, d_15, swamp_1, shoals_1,
          snake_1, spider_1, d_20, vaults_1, items_5, swamp_end, shoals_end,
          snake_end, spider_end, vaults_end, d_27, items_6, zot_1, zot_end,
          crypt_end, forest_end, elf_end, slime_end, tomb_end, abyss_end,
          pan_hell_end]

Skill      XL: |  1  2  3  4  5  6  7  8  9 10 11 12 13 14 15 |
---------------+----------------------------------------------+-----
Earth Magic    | 4 6 11 12 14 15 17 19 21 23 25 26 | 26.6
Dodging        | 2 5 6 7 |  7.9
Spellcasting   | 3 8 9 11 12 14 16 18 20 22 23 | 23.9
Transmutations | 1 2 3 4 5 |  5.2
Fighting       | 2 3 4 5 |  5.6
Stealth        | 5 6 |  6.9
Conjurations   | 2 4 7 10 12 15 17 20 | 20.8
Evocations     | 1 2 3 4 5 6 |  6.0
Long Blades    | 1 |  1.1
Armour         | 3 4 |  4.9
Shields        | 1 2 |  2.9
Poison Magic   | 2 3 4 6 |  6.7
Fire Magic     | 2 5 6 |  6.9
Ice Magic      | 1 |  1.9
Hexes          | 2 |  2.7
Translocations | 1 |  1.8
Unarmed Combat | |  0.4

Action                   |  1- 3 |  4- 6 |  7- 9 | 10-12 | 13-15 || total
-------------------------+-------+-------+-------+-------+-------++-------
Melee: Unarmed           |    32 |       |       |       |       ||    32
       Scimitar          |       |       |     1 |     2 |     1 ||     4
 Cast: Sandblast         |    15 |       |     3 |     5 |     5 ||    28
       Stone Arrow       |     3 |       |    34 |   106 |     5 ||   148
       Petrify           |       |       |     7 |    12 |       ||    19
       Inner Flame       |       |       |       |     1 |     4 ||     5
       Iron Shot         |       |       |       |    52 |   100 ||   152
       Olgreb's Toxic Ra |       |       |       |     4 |     7 ||    11
       Ignite Poison     |       |       |       |     4 |     3 ||     7
       Fireball          |       |       |       |     7 |    11 ||    18
       Freeze            |       |       |       |     3 |       ||     3
       Iskenderun's Myst |       |       |       |     1 |     5 ||     6
       Lehudib's Crystal |       |       |       |       |    16 ||    16
       Starburst         |       |       |       |       |     3 ||     3
       Shatter           |       |       |       |       |    11 ||    11
Evoke: Wand              |     2 |       |     7 |       |       ||     9
       Piece from Xom's  |       |       |       |     5 |       ||     5
       Lightning rod     |       |       |       |       |    14 ||    14
  Use: Potion            |     2 |       |     2 |       |    13 ||    17
       Scroll            |     1 |       |       |     3 |     4 ||     8
Armor: Robe              |    10 |       |       |     6 |    38 ||    54
       Acid dragon scale |       |       |     1 |    27 |       ||    28
Dodge: Dodged            |    33 |       |       |    59 |    38 ||   130
Block: Other             |       |       |       |    19 |    11 ||    30
       Reflection        |       |       |       |       |     2 ||     2

Table legend: (Time is in decaauts)
 A = Elapsed time spent in this place.
 B = Non-inter-level travel time spent in this place.
 C = Inter-level travel time spent in this place.
 D = Time resting spent in this place.
 E = Time spent auto-exploring this place.
 F = Levels seen in this place.
 G = Mean time per level.
                   A        B        C        D        E       F      G
               +--------+--------+--------+--------+--------+-----+--------+
         Total |   9231 |   9231 |      0 |   5148 |   2024 |   1 | 9231.0 |
       Dungeon |   9231 |   9231 |      0 |   5148 |   2024 |   1 | 9231.0 |
               +--------+--------+--------+--------+--------+-----+--------+

Top non-repeatable levels by time:
       D: 9231 daAuts
